AoeStats
← Deadpool865041

Black Forest

509804538Analyzed
2v2 RM · 6d ago on Sep 28, 2026· 58m 49s· 4 players
Game mode
Random Map
Map size
Medium (4 player)
Population
200
Speed
Normal
Resources
Standard
Victory
Conquest
Starting age
Dark Age
Ending age
Imperial Age
RankedLock teamsTeams togetherTeam positionsShared explorationLock speedFull tech treeHidden civsTurbo modeCheats
Victory
Defeat
🇨🇳 Byzantines · China
817
+17
🇺🇾 Britons · Uruguay
728
+21
🇲🇽 Khmer · Mexico
844
-19
🇲🇽 Romans · Mexico
838
-19
好歌剧
0:47 Loom
11:46 Feudal Age
12:23 Double-Bit Axe
16:52 Castle Age
20:22 Treadmill Crane
24:14 Horse Collar
26:04 Heavy Plow
27:23 Bow Saw
27:45 Fervor
30:49 Gold Mining
30:50 Stone Mining
30:44 Fishing Lines
31:23 Clinker Construction
33:51 Imperial Age
31:58 Wheelbarrow
32:50 Gold Shaft Mining
32:51 Stone Shaft Mining
32:11 Gillnets
32:53 Sanctity
32:40 Scale Mail Armor
32:40 Padded Archer Armor
32:31 Fletching
32:51 Forging
33:25 Scale Barding Armor
33:38 Chain Mail Armor
33:38 Leather Archer Armor
34:10 Bodkin Arrow
34:51 Iron Casting
34:34 Hand Cart
34:34 Squires
33:54 Pikeman
34:20 Arson
33:59 Elite Skirmisher
34:42 Husbandry
38:00 Chemistry
37:22 Carvel Hull
37:23 Ballistics
38:04 Conscription
38:07 Chain Barding Armor
37:49 Bracer
38:20 Ring Archer Armor
38:22 Plate Mail Armor
37:48 Halberdier
38:40 Thumb Ring
38:03 Elite Cataphract
40:19 Plate Barding Armor
40:27 Plate Barding Armor
40:04 Logistica
41:21 Block Printing
41:31 Illumination
41:42 Theocracy
47:50 Redemption
47:44 Devotion
49:42 Guilds
49:33 Caravan
50:43 Two-Man Saw
50:23 Crop Rotation
52:19 Hoardings
55:56 Light Cavalry
DEITRON
0:55 Loom
12:40 Feudal Age
15:19 Wheelbarrow
14:32 Double-Bit Axe
14:32 Horse Collar
14:45 Gold Mining
23:36 Castle Age
24:28 Castle Age
23:42 Stone Mining
26:45 Bow Saw
29:20 Hand Cart
28:50 Town Watch
30:48 Caravan
34:20 Gold Shaft Mining
38:26 Imperial Age
36:10 Town Patrol
36:29 Crossbowman
39:23 Ballistics
40:11 Chemistry
39:24 Siege Engineers
39:45 Ballistics
39:21 Murder Holes
39:07 Treadmill Crane
39:04 Arbalester
40:49 Warwolf
41:57 Conscription
42:52 Yeomen
41:53 Elite Longbowman
45:43 Fletching
45:54 Padded Archer Armor
47:58 Onager
47:59 Capped Ram
54:52 Bodkin Arrow
55:12 Leather Archer Armor
55:09 Forging
56:24 Bracer
56:38 Light Cavalry
57:20 Husbandry
56:45 Cavalier
58:47 Two-Man Saw
Sh HidaN TM
13:04 Feudal Age
13:19 Loom
17:26 Castle Age
15:31 Double-Bit Axe
16:07 Horse Collar
26:16 Wheelbarrow
28:55 Heavy Plow
31:10 Caravan
32:22 Hand Cart
32:39 Town Watch
36:02 Imperial Age
33:42 Ballistas
34:35 Bow Saw
35:17 Ballistics
35:05 Man-at-Arms
35:47 Squires
38:08 Chemistry
36:45 Heavy Scorpion
38:04 Gold Mining
38:40 Siege Engineers
38:09 Long Swordsman
39:55 Crop Rotation
39:59 Town Patrol
40:22 Fletching
40:34 Padded Archer Armor
40:46 Forging
40:38 Scale Mail Armor
40:16 Legionary
44:02 Elite Skirmisher
51:57 Light Cavalry
52:38 Husbandry
52:49 Bloodlines
Deadpool865041
0:48 Loom
12:52 Feudal Age
18:02 Castle Age
29:49 Imperial Age
34:26 Chemistry
33:37 Fortified Wall
36:17 Double-Bit Axe
37:24 Ballistics
36:55 Heated Shot
38:58 Tusk Swords
39:02 Double Crossbow
39:23 Heavy Scorpion
41:50 Siphons
41:59 Masonry
47:30 Hoardings
46:27 Sappers
47:53 Bow Saw
50:06 Wheelbarrow
53:11 Hand Cart
Connection lost

Rejoining the realm…

Still unreachable

The connection could not be restored.

Session expired

The server has moved on; the page needs a fresh start.